 Dungeon Crawl Stone Soup version 0.31-a0-161-gb58dd9be76 (webtiles) character file.

Game seed: 419275330646719049

1807942 iguanaiguana the Barachian Blade (level 26, 228/228 HPs)
             Began as a Barachi Chaos Knight on June 11, 2023.
             Was an Initiate of Gozag.
             Escaped with the Orb
             ... and 3 runes on June 13, 2023!
             The game lasted 03:17:48 (55896 turns).

iguanaiguana the Barachian Blade (BaCK)            Turns: 55896, Time: 03:17:49

Health: 228/228    AC: 50    Str: 18    XL:     26   Next: 1%
Magic:  20/20      EV: 18    Int: 22    God:    Gozag
Gold:   641        SH: 29    Dex: 28    Spells: 25/25 levels left

rFire   . . .        a - +5 double sword (flame)
rCold   + . .        U - +3 tower shield
rNeg    . . .        m - +15 plate armour "Pohif" {Str+2}
rPois   +            H - +2 hat
rElec   +            n - +2 cloak {rCorr}
rCorr   +            Y - +2 pair of gloves {Str+3}
SInv    .            M - +2 pair of boots {Fly}
Will    +....        F - amulet "Vyffycec" {rElec Regen+ Dex+9} Stlth
                     f - ring "Biefugug" {rCorr Slay+4}
HPRegen 2.18/turn    W - ring of Fixation {rPois Int+6 Slay+7}
MPRegen 0.17/turn

%: clarity
@: flying, bribing [the Dungeon], slow
A: amphibious, slowness 1, strong legs 2, +LOS, antennae 1, talons 1, iridescent
scales 1, clarity, clumsy 1, cold resistance 1, deterioration 1, low MP 1,
regeneration 1, inability to drink after injury 2, sturdy frame 1
0: Orb of Zot
}: 3/15 runes: serpentine, barnacled, abyssal
a: Hop, Renounce Religion, Potion Petition, Call Merchant, Bribe Branch


You escaped.
You worshipped Gozag.
Gozag was pleased with you.
You visited 10 branches of the dungeon, and saw 47 of its levels.
You visited the Abyss 1 time.
You visited 1 bazaar.
You also visited: Bailey, Gauntlet and Desolation.

You collected 28176 gold pieces.
You spent 8942 gold pieces at shops.
You paid 18593 gold pieces to Gozag.

Inventory:

Hand Weapons
 a - a +5 double sword of flaming (weapon)
 b - the +7 rapier of Impatience {spect, rF++ rN+ Str-5 Stlth+}
   (You took it off a minotaur in a Gauntlet)

   Str:       It affects your strength (-5).
   rF:        It greatly protects you from fire.
   rN:        It protects you from negative energy.
   Stlth:     It makes you more stealthy.
Missiles
 i - 32 boomerangs (quivered)
 r - 13 silver javelins
 s - 10 javelins
 x - 2 throwing nets
 I - 8 boomerangs of dispersal
 K - 7 curare-tipped darts
Armour
 m - the +15 plate armour "Pohif" (worn) {Str+2}
   (You bought it in a shop on level 2 of the Orcish Mines)

   Str:       It affects your strength (+2).
 n - a +2 cloak of preservation (worn)
 H - a +2 hat (worn)
 M - a +2 pair of boots of flying (worn)
 U - a +3 tower shield (worn)
 Y - a +2 pair of gloves of strength (worn)
Jewellery
 c - the ring "Ilakh" {Fly rF+ Dex+3 Stlth-}
   (You found it in the Desolation of Salt)

   [ring of flight]

   Dex:       It affects your dexterity (+3).
   rF:        It protects you from fire.
   Fly:       It grants you flight.
   Stlth:     It makes you less stealthy.
 f - the ring "Biefugug" (left hand) {rCorr Slay+4}
   (You took it off an imperial myrmidon in the Desolation of Salt)

   [ring of slaying]

   Slay:      It affects your accuracy & damage with ranged weapons and melee
   (+4).
   rCorr:     It protects you from acid and corrosion.
 o - the ring "Xuzegis" {rC+ rN+ rCorr}
   (You took it off a deep elf zephyrmancer on level 3 of the Elven Halls)

   [ring of protection from cold]

   rC:        It protects you from cold.
   rN:        It protects you from negative energy.
   rCorr:     It protects you from acid and corrosion.
 C - the ring of Gorybibua {Will+ Int+3}
   (You found it on level 2 of the Vaults)

   [ring of willpower]

   Int:       It affects your intelligence (+3).
   Will:      It increases your willpower.
 D - a ring of fire
 F - the amulet "Vyffycec" (around neck) {rElec Regen+ Dex+9}
   (You bought it in a shop on level 1 of the Dungeon)

   [amulet of regeneration]

   Dex:       It affects your dexterity (+9).
   rElec:     It insulates you from electricity.
   Regen:     It increases your rate of health regeneration.
 J - the ring "Rerrueg" {+Blink rElec rN+ rCorr Stlth-}
   (You bought it in a shop on level 4 of the Shoals)

   [ring of positive energy]

   rElec:     It insulates you from electricity.
   rN:        It protects you from negative energy.
   +Blink:    It lets you blink.
   rCorr:     It protects you from acid and corrosion.
   Stlth:     It makes you less stealthy.
 R - the ring "Quyth" {rElec rPois Str+6 SInv}
   (You bought it in a shop on level 1 of the Dungeon)

   [ring of strength]

   Str:       It affects your strength (+6).
   rElec:     It insulates you from electricity.
   rPois:     It protects you from poison.
   SInv:      It lets you see invisible.
 W - the ring of Fixation (right hand) {rPois Int+6 Slay+7}
   (You bought it in a shop on level 4 of the Shoals)

   [ring of slaying]

   Int:       It affects your intelligence (+6).
   Slay:      It affects your accuracy & damage with ranged weapons and melee
   (+7).
   rPois:     It protects you from poison.
Wands
 d - a wand of charming (42)
 N - a wand of light (12)
 Q - a wand of digging (31) {@v3}
 S - a wand of roots (30)
Scrolls
 g - 11 scrolls of blinking {@r4}
 j - a scroll of revelation
 p - a scroll of silence
 t - 15 scrolls of fog
 w - 6 scrolls of fear
 B - 7 scrolls of immolation
 L - 4 scrolls of poison
 O - 7 scrolls of teleportation {@r3}
 P - 7 scrolls of vulnerability
 X - 2 scrolls of butterflies
Potions
 k - 4 potions of haste {@q4}
 l - 17 potions of curing {@q1}
 q - 8 potions of enlightenment
 u - 3 potions of cancellation
 v - 10 potions of lignification
 y - 3 potions of invisibility
 z - 11 potions of attraction
 A - 3 potions of resistance {@q5}
 E - 5 potions of heal wounds {@q2}
 G - 3 potions of might {@q3}
 T - 14 potions of ambrosia
 Z - 7 potions of mutation
Miscellaneous
 e - a phial of floods
 h - a lightning rod (4/4)
 V - a condenser vane


   Skills:
 + Level 23.1 Fighting
 - Level 1.6(14.8) Short Blades
 + Level 24.0 Long Blades
 - Level 4.1 Maces & Flails
 - Level 16.0 Throwing
 - Level 21.0 Armour
 - Level 15.0 Dodging
 - Level 3.0 Stealth
 - Level 21.0 Shields
 - Level 18.0 Evocations


You had 25 spell levels left.
You didn't know any spells.
Your spell library contained the following spells:

 Spells                   Type           Power      Damage    Failure   Level
 Beastly Appendage        Tmut           0%         N/A       83%         1
 Freeze                   Ice            0%         1d3       83%         1
 Magic Dart               Conj           0%         1d3       83%         1
 Slow                     Hex            0%         N/A       83%         1
 Summon Small Mammal      Summ           0%         N/A       83%         1
 Call Imp                 Summ           0%         N/A       93%         2
 Cigotuvi's Dreadful Rot  Necr/Pois/Air  0%         N/A       93%         2
 Ensorcelled Hibernation  Hex/Ice        0%         N/A       93%         2
 Momentum Strike          Conj/Tloc      0%         3d8       93%         2
 Passwall                 Tmut/Erth      0%         N/A       93%         2
 Scorch                   Fire           0%         2d5       93%         2
 Searing Ray              Conj           0%         2d4       93%         2
 Sublimation of Blood     Necr           0%         N/A       93%         2
 Wereblood                Tmut           0%         N/A       93%         2
 Call Canine Familiar     Summ           0%         N/A       99%         3
 Confusing Touch          Hex            0%         N/A       99%         3
 Frozen Ramparts          Ice            0%         1d1       99%         3
 Hailstorm                Conj/Ice       0%         3d3       99%         3
 Ignite Poison            Fire/Tmut/Pois 0%         N/A       99%         3
 Mephitic Cloud           Conj/Pois/Air  0%         N/A       99%         3
 Portal Projectile        Hex/Tloc       0%         N/A       99%         3
 Spider Form              Tmut/Pois      0%         N/A       99%         3
 Stone Arrow              Conj/Erth      0%         3d7       99%         3
 Summon Guardian Golem    Hex/Summ       0%         N/A       99%         3
 Tukima's Dance           Hex            0%         N/A       99%         3
 Vampiric Draining        Necr           0%         2d6       99%         3
 Animate Armour           Summ/Erth      0%         N/A       100%        4
 Flame Wave               Conj/Fire      0%         2d4       100%        4
 Fulminant Prism          Conj/Hex       0%         3d5       100%        4
 Ice Form                 Ice/Tmut       0%         N/A       100%        4
 Leda's Liquefaction      Hex/Erth       0%         N/A       100%        4
 Manifold Assault         Tloc           0%         N/A       100%        4
 Olgreb's Toxic Radiance  Pois           0%         N/A       100%        4
 Passage of Golubria      Tloc           0%         N/A       100%        4
 Petrify                  Tmut/Erth      0%         N/A       100%        4
 Sticky Flame             Conj/Fire      0%         2d3       100%        4
 Summon Ice Beast         Ice/Summ       0%         N/A       100%        4
 Blade Hands              Tmut           0%         N/A       100%        5
 Freezing Cloud           Conj/Ice/Air   0%         6-21      100%        5
 Irradiate                Conj/Tmut      0%         3d11      100%        5
 Lee's Rapid Deconstruct  Erth           0%         3d4*      100%        5
 Yara's Violent Unravell  Hex/Tmut       0%         3d3       100%        5
 Dispersal                Tloc           0%         N/A       100%        6
 Statue Form              Tmut/Erth      0%         N/A       100%        6
 Summon Cactus Giant      Summ           0%         N/A       100%        6
 Haunt                    Necr/Summ      0%         N/A       100%        7
 Summon Hydra             Summ           0%         N/A       100%        7
 Discord                  Hex            0%         N/A       100%        8
 Disjunction              Tloc           0%         N/A       100%        8
 Ignition                 Fire           0%         3d3       100%        8
 Infestation              Necr           0%         N/A       100%        8
 Lehudib's Crystal Spear  Conj/Erth      0%         10d2      100%        8
 Necromutation            Tmut/Necr      0%         N/A       100%        8
 Chain Lightning          Conj/Air       0%         N/A       100%        9
 Fire Storm               Conj/Fire      0%         5d1       100%        9
 Polar Vortex             Ice            0%         N/A       100%        9
 Shatter                  Erth           0%         3d5*      100%        9
 Animate Dead             Necr           Unusable   N/A       N/A         4

Dungeon Overview and Level Annotations

Branches:
Dungeon (15/15)            Temple (1/1) D:4            Lair (5/5) D:11
 Shoals (4/4) Lair:2        Snake (4/4) Lair:3        Slime (0/5) Lair:4
    Orc (2/2) D:9             Elf (3/3) Orc:2        Vaults (4/5) D:13
  Crypt (0/3) Vaults:3     Depths (4/4) D:15            Zot (5/5) Depths:4
 Bailey (visited)         Desolation (visited)      Gauntlet (visited)

Altars:
Ashenzari
Cheibriados
Elyvilon
Fedhas
Gozag
Hepliaklqana
Kikubaaqudgha
Makhleb
Nemelex Xobeh
Okawaru
Ru
Sif Muna
Trog
Vehumet
Wu Jian
Xom
Yredelemnul
Zin
The Shining One
Jiyva
Lugonu

Shops:
D:1 =   D:6 *   D:9 (   D:11 =   Orc:2 [(=*   Elf:3 *   Shoals:1 !   Shoals:4 =
Snake:3 :=:   Vaults:2 ?

Portals:
Hell: Depths:1 Depths:2 Depths:3 Depths:4
Abyss: Lair:5 Shoals:3 Depths:1 Depths:3
Pandemonium: Depths:2
Ziggurat: Depths:4

Annotations:
D:3 2 runed translucent doors, Tollund's ghost, amateur GrEE
Lair:3 2 transporters, Serulin's ghost, journeyman TrCA
Lair:4 exclusion: downstairs
Shoals:3 1 runed translucent door, exclusion: door
Zot:1 1 transporter
Zot:3 36 runed doors, exclusion: 36 doors
Zot:5 1 exclusion


Innate Abilities, Weirdness & Mutations

You are amphibious.
You cover ground slowly.
You can hop long distances.
You have an extended range of vision and can be seen from far away.
You have a pair of small antennae on your head.
You have sharp toenails.
You are partially covered in iridescent scales. (AC +2)
You possess an exceptional clarity of mind.
You are clumsy. (Dex -2)
Your flesh is cold resistant. (rC+)
Your body sometimes deteriorates upon taking damage.
Your magical capacity is low. (-10% MP)
Your natural rate of healing is unusually fast.
You sometimes lose the ability to drink potions when taking damage.
Your movements are slightly less encumbered by armour. (ER -2)


Message History

There is a stone staircase leading up here.
You fly upwards.
There is a stone staircase leading down here.
There is an entrance to Xoffopn's Lightly-Used Armoury here.
You see here a +2 whip of venom.
There is a stone staircase leading up here.
You fly upwards.
There is a stone staircase leading down here.
There is an escape hatch in the ceiling here.
A mysterious force pulls you upwards. The hatch slams shut behind you.
You swap places.
Your Orb Guardian hits something!!
Something hits your Orb Guardian!!
Your Orb Guardian hits something!! x2
There is a stone staircase leading down here.
There is a strange disturbance nearby!
Unknown command.
Your Orb Guardian hits something.
You feel a bit more experienced.
Your Long Blades skill increases to level 24!
You see here a +0 cloak.
The cherub stares, then turns away, jangling a coin purse.
A cherub comes into view.
It is wielding a +0 falchion of flaming.
The tormentor stares, then turns away, jangling a coin purse.
A tormentor comes into view.
There is a stone staircase leading up here.
You fly upwards.
Level annotation: 2 runed translucent doors, Tollund's ghost, amateur GrEE
There is a stone staircase leading down here.
You swap places.
There is a stone staircase leading up here.
You fly upwards.
There is a stone staircase leading down here. 4 stones; a +0 short sword
There is a stone staircase leading up here.
You fly upwards.
There is a stone staircase leading down here.
The Brimstone Fiend stares, then turns away, jangling a coin purse.
A Brimstone Fiend comes into view. a +0 dagger; a +0 club
There is a staircase leading out of the dungeon here.
You have escaped!

................................)
.................................
#................................
..∩........................♣.....
...............................♣.
..♣..∩.....................§∩....
#.......∩.....♣...♣....∩..♣.§....
##~§§§.....∩.............§..§~~§#
##§~~§§.§§§....@X.♣.§§§.§§§§~###
##~§~§§§§§...........~~§~§###
##≈~§~~§§§§....§.~~~~§§§##
#≈≈§~~§~§~~~§§§§§~~~≈§§#
#≈≈≈≈§≈~§~~~~~§§≈≈≈≈≈≈##
##≈≈≈≈≈≈≈≈≈≈≈§§≈≈≈≈≈≈##
#######################


You could see a friendly Orb Guardian.

Vanquished Creatures
  2 ancient liches
  An orb of fire (Zot:5)
  A Killer Klown (Zot:5)
  Bai Suzhen (Shoals:4)
  Vv (Depths:2)
  4 golden dragons
  Nikola (Shoals:2)
  2 bone dragons (Depths:4)
  3 electric golems
  A Tzitzimitl (Depths:4)
  2 hellephants (Abyss:3)
  4 tentacled monstrosities
  4 Orb Guardians (Zot:5)
  Mlioglotl (Snake:2)
  Asterion (Depths:1)
  A titan (Depths:3)
  A lich (Vaults:4)
  A quicksilver dragon (Zot:2)
  A walking frostbound tome (Zot:2)
  A kraken (Shoals:2)
  3 deep elf blademasters
  4 tentacled starspawn
  2 deep elf master archers (Elf:3)
  Kirke (Elf:1)
  Polyphemus (Shoals:2)
  3 death cobs
  2 sphinxes
  10 storm dragons
  4 tengu reavers
  2 shadow dragons
  Donald (Snake:4)
  Ilsuiw (Shoals:2)
  6 nagarajas
  The ghost of wolfgangpup the Blocker, an adept GnFi of Gozag (Shoals:1)
  An iron dragon (Depths:3)
  A draconian knight (Zot:3)
  7 fire giants
  An imperial myrmidon (Desolation)
  5 deep elf sorcerers (Elf:3)
  3 ghost moths
  Louise (Elf:1)
  15 vault wardens
  Aizul (Snake:1)
  3 frost giants
  3 deep elf elementalists (Elf:3)
  A draconian scorcher (Depths:4)
  3 orc warlords
  17 ironbound preservers
  2 spriggan defenders (Depths:3)
  2 balrugs
  A draconian stormcaller (Zot:1)
  2 draconian shifters
  3 reapers
  A formless jellyfish (Vaults:4)
  5 very ugly things
  12 stone giants
  A draconian annihilator (Depths:4)
  10 ironbound thunderhulks
  Azrael (Elf:1)
  3 vampire knights
  3 black draconians
  5 deep elf demonologists
  A lorocyproca (Depths:2)
  10 deep elf annihilators
  4 green draconians
  A halazid warlock (Desolation)
  A minotaur (Gauntlet)
  3 purple draconians
  20 dire elephants
  3 spark wasps (Depths:4)
  3 white draconians
  5 yellow draconians
  4 crystal guardians
  4 ettins
  Snorg (D:14)
  8 deep elf death magi
  Josephine (Snake:1)
  6 merfolk javelineers
  9 yaktaur captains
  3 entropy weavers
  8 great orbs of eyes
  5 servants of whispers (Desolation)
  6 ragged hierophants (Desolation)
  A spriggan zombie (Depths:2)
  6 fire dragons
  6 deep elf high priests
  9 vault guards
  2 rakshasas
  11 merfolk impalers
  14 centaur warriors
  2 spriggan air magi (Depths:3)
  11 peacekeepers
  2 hell beasts (Depths:1)
  6 hydras
  5 ice dragons
  4 salamander tyrants
  5 ironbound frosthearts
  9 anacondas
  A merfolk avatar (Shoals:3)
  3 catoblepae
  A satyr (Shoals:3)
  A merfolk aquamancer (Shoals:4)
  4 two-headed ogres
  9 boulder beetles
  8 deep troll shamans
  35 dancing weapons
  6 tengu warriors
  13 naga warriors
  An alligator snapping turtle (Shoals:4)
  4 death yaks (Shoals:2)
  4 orc high priests
  5 spriggan berserkers
  6 thrashing horrors
  14 naga sharpshooters
  12 shock serpents
  27 deep elf knights
  6 sun demons
  8 deep troll earth magi
  A hell knight (Depths:2)
  8 salamander mystics
  A wretched star (Abyss:3)
  A spatial maelstrom (Abyss:3)
  3 sixfirhies
  A titan skeleton (Vaults:3)
  5 iron trolls
  5 skysharks
  A skeletal warrior (D:13)
  4 glowing orange brains
  A golden dragon zombie (Depths:2)
  Lodul (D:10)
  12 sea snakes
  An orb spider (Depths:1)
  An obsidian statue (Depths:1)
  A flayed ghost (Depths:3)
  A swamp dragon (Zot:2)
  A swamp dragon (shapeshifter) (Depths:4)
  13 ironbound convokers
  51 deep trolls
  5 wizards
  2 starcursed masses (Abyss:2)
  Pikel (D:6)
  A kraken simulacrum (Shoals:4)
  5 necromancers
  17 harpies
  10 naga ritualists
  26 deep elf archers
  34 deep elf zephyrmancers
  41 deep elf pyromancers
  18 manticores
  13 mana vipers
  31 ugly things
  6 orc sorcerers
  A frost giant zombie (Depths:2)
  6 orc knights
  13 fauns
  27 salamanders
  6 moths of wrath
  A moth of wrath (shapeshifter) (D:15)
  A frost giant skeleton (Depths:2)
  7 cyclopes
  20 elephants
  50 black mambas
  8 merfolk sirens
  13 guardian serpents
  4 rust devils
  20 vault sentinels
  A worldbinder (Abyss:3)
  19 naga magi
  3 water nymphs
  An ice statue (Gauntlet)
  2 molten gargoyles
  An orange demon (Depths:2)
  3 smoke demons
  6 cane toads
  2 apocalypse crabs (Shoals:3)
  5 gargoyles
  A hellion (Depths:1)
  Maggie (D:6)
  8 rime drakes
  6 komodo dragons
  An unseen horror (D:11)
  A komodo dragon (shapeshifter) (D:13)
  4 ice devils
  An efreet (Abyss:2)
  5 ancient zymes
  A red devil (Depths:2)
  28 yaktaurs
  A tengu conjurer (Depths:1)
  A queen bee (Lair:3)
  6 wind drakes
  11 trolls
  6 hornets
  A raiju (shapeshifter) (Depths:3)
  29 blink frogs
  30 merfolk
  An ettin zombie (Depths:2)
  3 spectral merfolk (Shoals:1)
  57 saltlings
  11 snapping turtles
  Prince Ribbit (D:5)
  13 dream sheep
  A blink frog (shapeshifter) (D:13)
  10 flying skulls
  46 slime creatures
  A centaur simulacrum (D:14)
  9 small abominations (Lair:5)
  A spriggan (shapeshifter) (Depths:4)
  9 water elementals
  7 air elementals
  An elf zombie (Vaults:3)
  46 yaks
  A jumping spider (Vaults:4)
  6 wraiths
  7 wyverns
  4 shadows
  6 basilisks
  2 vampires
  6 ynoxinuls
  10 spriggans
  7 fire elementals
  A fire bat (shapeshifter) (Depths:1)
  2 steam dragons
  3 redbacks
  A neqoxec (Abyss:2)
  3 chaos spawn
  Menkaure (D:5)
  A harpy simulacrum (Abyss:3)
  41 nagas
  2 acid dragons
  2 spatial vortices (Abyss:3)
  A glowing shapeshifter zombie (Vaults:3)
  7 large abominations
  A warg (Orc:2)
  30 water moccasins
  3 hell hounds (Elf:2)
  31 orc warriors
  6 black bears
  7 wolves
  An ice beast (D:5)
  A boggart (Vaults:1)
  22 ogres
  2 phantoms
  13 centaurs
  4 lemures (D:6)
  5 kobold brigands
  3 earth elementals
  10 bullfrogs
  2 scorpions
  A water nymph simulacrum (Shoals:1)
  3 gnoll sergeants
  17 wights
  A snapping turtle simulacrum (Shoals:1)
  31 killer bees
  2 manticore simulacra (Shoals:1)
  3 electric eels
  3 howler monkeys (D:10)
  6 hounds
  A gnoll bouda (D:9)
  16 orc priests
  12 jellies
  3 iguanas
  4 iron imps (Gauntlet)
  A sleepcap (D:7)
  23 orc wizards
  15 gnolls
  21 adders
  A shadow imp (D:8)
  6 white imps
  2 worms
  4 dart slugs
  73 orcs
  8 bats
  6 endoplasms
  5 giant cockroaches
  10 hobgoblins
  5 jackals (D:3)
  27 kobolds
  5 quokkas
  4 ball pythons
  14 goblins
  8 rats
  4 starspawn tentacles
  3 tentacles (Shoals:2)
2060 creatures vanquished.

Vanquished Creatures (collateral kills)
  2 orbs of fire (Zot:5)
  A Killer Klown (Zot:5)
  2 golden dragons
  An electric golem (Zot:4)
  2 tentacled monstrosities (Zot:5)
  4 Orb Guardians (Zot:5)
  A quicksilver dragon (Zot:4)
  3 death cobs
  8 storm dragons
  3 draconian monks
  A draconian knight (Zot:5)
  A draconian scorcher (Zot:5)
  A ghost moth (Zot:4)
  A draconian shifter (Zot:5)
  A cacodemon (D:9)
  A draconian annihilator (Zot:5)
  A green draconian (Zot:5)
  3 yellow draconians
  5 red draconians
  3 black draconians (Zot:5)
  A lorocyproca (D:4)
  5 purple draconians
  6 white draconians
  A dancing weapon (Zot:2)
  8 moths of wrath
  5 elephants (Lair:5)
  A rust devil (Zot:5)
  2 smoke demons
  2 ice devils (Zot:5)
  A queen bee (shapeshifter) (Lair:5)
  6 blink frogs (Lair:5)
  A chaos spawn (Lair:5)
  4 small abominations
88 creatures vanquished.

Vanquished Creatures (others)
  2 dread liches (Zot:5)
  2 ancient liches (Zot:5)
  A curse toe (Zot:1)
  A golden dragon (Zot:5)
  5 tentacled monstrosities
  14 Orb Guardians (Zot:5)
  A walking frostbound tome (Zot:2)
  3 quicksilver dragons
  2 death cobs (Zot:5)
  2 draconian monks
  A fire giant (Depths:4)
  2 storm dragons
  5 draconian knights
  A nargun (Zot:2)
  2 draconian scorchers
  A ghost moth (Zot:5)
  A draconian stormcaller (Zot:4)
  4 draconian annihilators
  4 draconian shifters
  A yellow draconian (Zot:2)
  3 white draconians
  A green draconian (Zot:2)
  3 black draconians
  8 purple draconians
  4 red draconians
  2 dancing weapons
  3 deep elf knights
  A deep elf archer (Elf:2)
  A wizard (D:14)
  A deep elf zephyrmancer (Elf:1)
  3 harpies (Shoals:2)
  3 humans (Elf:1)
  2 hell hounds (Elf:1)
  An ufetubus (Abyss:3)
  An orc (Orc:1)
  7 starspawn tentacles
  14 tentacles
113 creatures vanquished.

Grand Total: 2261 creatures vanquished

Notes
Turn   | Place    | Note
-------+----------+-------------------------------------------
     0 | D:1      | iguanaiguana the Barachi Chaos Knight began the quest for
                  | the Orb.
     0 | D:1      | Reached XP level 1. HP: 18/18 MP: 1/1
    28 | D:1      | XOM: potion effect (haste)
    36 | D:1      | XOM: divination: magic mapping
    83 | D:1      | Found Peghadim's Jewellery Boutique.
    97 | D:1      | Reached XP level 2. HP: 24/25 MP: 2/2
   137 | D:1      | Reached skill level 1 in Stealth
   276 | D:1      | XOM: 6-stop teleportation journey
   353 | D:1      | Reached XP level 3. HP: 30/30 MP: 3/3
   758 | D:2      | Reached XP level 4. HP: 31/37 MP: 4/4
   797 | D:2      | XOM: smoke on damage
  1092 | D:2      | XOM: 1-stop teleportation journey
  1298 | D:3      | Found a runed translucent door.
  1300 | D:3      | Noticed Tollund's ghost (amateur GrEE)
  1421 | D:3      | XOM: polymorph hobgoblin -> jackal
  1422 | D:3      | Reached skill level 1 in Short Blades
  1486 | D:3      | XOM: divination: detect items
  1678 | D:3      | Reached skill level 1 in Maces & Flails
  1690 | D:3      | Reached XP level 5. HP: 23/42 MP: 5/5
  1772 | D:3      | Found a runed translucent door.
  2059 | D:3      | XOM: cloud trail
  2095 | D:3      | XOM: give mutations
  2095 | D:3      | Gained mutation: You have large cloven feet. [Xom's grace]
  2095 | D:3      | Gained mutation: You are partially covered in large bone
                  | plates. (SH +4) [Xom's grace]
  2095 | D:3      | Lost mutation: You have large cloven feet. [Xom's grace]
  2095 | D:3      | Gained mutation: You have sharp toenails. [Xom's grace]
  2210 | D:4      | Noticed a black bear
  2215 | D:4      | XOM: potion effect (might)
  2217 | D:4      | Killed a black bear
  2218 | D:4      | Reached XP level 6. HP: 47/48 MP: 6/6
  2299 | D:4      | Found a broken altar of Ashenzari.
  2299 | D:4      | XOM: 1-stop teleportation journey
  2317 | D:4      | Found a staircase to the Ecumenical Temple.
  2327 | Temple   | Entered the Ecumenical Temple
  2340 | Temple   | Fell from the grace of Xom
  2340 | Temple   | Became a worshipper of Gozag Ym Sagoz the Greedy
  2422 | D:4      | Reached skill level 1 in Shields
  2466 | D:4      | Found a radiant altar of Vehumet.
  2782 | D:4      | XOM: summons 2 hostile demons
  2805 | D:4      | XOM: give mutations
  2805 | D:4      | Gained mutation: You do not regenerate when monsters are
                  | visible. [Xom's mischief]
  2805 | D:4      | Gained mutation: You are strong-willed. (Will+) [Xom's
                  | mischief]
  2805 | D:4      | Gained mutation: You occasionally shout uncontrollably at
                  | your foes. [Xom's mischief]
  2817 | D:4      | Reached XP level 7. HP: 54/54 MP: 7/7
  2865 | D:4      | Lost mutation: You have sharp toenails. [potion of
                  | mutation]
  2865 | D:4      | Lost mutation: You are strong-willed. (Will+) [potion of
                  | mutation]
  2865 | D:4      | Lost mutation: You occasionally shout uncontrollably at
                  | your foes. [potion of mutation]
  2865 | D:4      | Gained mutation: Your movements are slightly less
                  | encumbered by armour. (ER -2) [potion of mutation]
  2865 | D:4      | Gained mutation: A frigid envelope surrounds you and
                  | freezes all who hurt you. [potion of mutation]
  2865 | D:4      | Gained mutation: You have sharp toenails. [potion of
                  | mutation]
  2865 | D:4      | Gained mutation: Your flesh is cold resistant. (rC+)
                  | [potion of mutation]
  3088 | D:5      | Entered Level 5 of the Dungeon
  3163 | D:5      | Reached skill level 5 in Shields
  3318 | D:5      | Found a hazy altar of Hepliaklqana.
  3321 | D:5      | Found a glowing silver altar of Zin.
  3331 | D:5      | Noticed Menkaure
  3331 | D:5      | XOM: 2-stop teleportation journey
  3416 | D:5      | XOM: god gift: staff of death
  3516 | D:5      | Found a large runed translucent door.
  3516 | D:5      | Found a large runed translucent door.
  3661 | D:5      | Reached XP level 8. HP: 54/60 MP: 8/8
  3704 | D:5      | Killed Menkaure
  4055 | D:5      | Noticed Prince Ribbit
  4063 | D:5      | Killed Prince Ribbit
  4064 | D:5      | Reached skill level 5 in Fighting
  4191 | D:5      | XOM: torment (33/63 hp)
  4358 | D:5      | Found a snail-covered altar of Cheibriados.
  4377 | D:5      | Found an ornate altar of the Wu Jian Council.
  4457 | D:6      | Found Xoffopn's Lightly-Used Armoury.
  4549 | D:6      | Bought a -1 double sword for 100 gold pieces
  4573 | D:6      | Reached skill level 4 in Long Blades
  4683 | D:6      | Reached skill level 5 in Long Blades
  4707 | D:6      | Noticed Pikel
  4728 | D:6      | Killed Pikel
  4729 | D:6      | Reached skill level 7 in Long Blades
  4729 | D:6      | Reached XP level 9. HP: 14/72 MP: 9/9
  4985 | D:6      | Noticed Maggie
  4996 | D:6      | Killed Maggie
  4997 | D:6      | Reached skill level 8 in Long Blades
  5202 | D:6      | Reached skill level 9 in Long Blades
  5285 | D:6      | XOM: summons 1 hostile demon
  5375 | D:6      | Upgraded the game from 0.31-a0-154-g56bf346678 to
                  | 0.31-a0-161-gb58dd9be76
  5390 | D:6      | Reached skill level 10 in Long Blades
  5520 | D:6      | XOM: torment (37/72 hp)
  5773 | D:6      | Found a blossoming altar of Fedhas.
  5988 | D:7      | Reached skill level 11 in Long Blades
  6058 | D:7      | XOM: scenery: summon butterflies
  6220 | D:7      | Reached XP level 10. HP: 79/79 MP: 10/10
  6228 | D:7      | Identified the +6 long sword of Ragnarok {heavy, rN+}
  6702 | D:8      | XOM: summons 3 hostile demons
  6865 | D:8      | Reached skill level 12 in Long Blades
  6916 | D:8      | XOM: enchant monster (bad)
  7279 | D:8      | Reached skill level 13 in Long Blades
  7842 | D:6      | XOM: give mutations
  7842 | D:6      | Lost mutation: Your flesh is cold resistant. (rC+) [Xom's
                  | mischief]
  7842 | D:6      | Gained mutation: You possess an exceptional clarity of
                  | mind. [Xom's mischief]
  7842 | D:6      | Lost mutation: A frigid envelope surrounds you and freezes
                  | all who hurt you. [Xom's mischief]
  7842 | D:6      | Gained mutation: You have hidden genetic defects. [Xom's
                  | mischief]
  7969 | D:1      | Bought the amulet "Vyffycec" {rElec Regen+ Dex+9} for 754
                  | gold pieces
  8067 | D:4      | XOM: summons 9 hostile demons
  8068 | D:4      | Noticed a sixfirhy
  8109 | D:6      | XOM: noise
  8125 | D:7      | XOM: give mutations
  8125 | D:7      | Gained mutation: Your spells are a little easier to cast,
                  | but a little less powerful. [Xom's mischief]
  8125 | D:7      | Gained mutation: Your muscles are strong. (Str +4, Int/Dex
                  | -1) [Xom's mischief]
  8125 | D:7      | Gained mutation: You occasionally lose the ability to drink
                  | potions when taking damage. [Xom's mischief]
  8257 | D:9      | Found a flagged portal.
  8268 | D:9      | Found a staircase to the Orcish Mines.
  8270 | D:9      | Found Fuciqa Unoff's Weapon Shoppe.
  8311 | D:9      | Reached skill level 14 in Long Blades
  8323 | Bailey   | Entered a bailey
  8372 | Bailey   | Gained mutation: You sometimes lose the ability to drink
                  | potions when taking damage. [hidden defects]
  8451 | Bailey   | Noticed a two-headed ogre
  8507 | Bailey   | Reached skill level 15 in Long Blades
  8507 | Bailey   | Reached XP level 11. HP: 84/84 MP: 11/11
  8531 | Bailey   | Killed a two-headed ogre
  8535 | Bailey   | Gained mutation: You are clumsy. (Dex -2) [hidden defects]
  8535 | Bailey   | Lost mutation: You have hidden genetic defects. [hidden
                  | defects expressed]
  8640 | D:9      | Reached skill level 1 in Throwing
  8666 | D:9      | Identified the ring of the Real Monster {rPois rC- rCorr
                  | Int+4}
  8883 | D:9      | Found a bloodstained altar of Trog.
  9307 | D:10     | Entered Level 10 of the Dungeon
  9358 | D:10     | Noticed Lodul
  9376 | D:10     | Killed Lodul
  9377 | D:10     | Reached skill level 5 in Throwing
  9486 | D:10     | XOM: 2-stop teleportation journey
  9497 | D:10     | Lost mutation: You are partially covered in large bone
                  | plates. (SH +4) [potion of mutation]
  9497 | D:10     | Lost mutation: Your muscles are strong. (Str +4, Int/Dex
                  | -1) [potion of mutation]
  9497 | D:10     | Gained mutation: You are partially covered in iridescent
                  | scales. (AC +2) [potion of mutation]
  9609 | D:10     | XOM: god gift: glowing whip {god gift}
  9750 | D:10     | XOM: give mutations
  9750 | D:10     | Gained mutation: You have a pair of small antennae on your
                  | head. [Xom's mischief]
  9750 | D:10     | Lost mutation: You do not regenerate when monsters are
                  | visible. [Xom's mischief]
  9750 | D:10     | Gained mutation: Your natural rate of healing is unusually
                  | fast. [Xom's mischief]
  9776 | D:10     | Reached skill level 5 in Armour
  9828 | D:10     | XOM: give mutation
  9828 | D:10     | Lost mutation: Your spells are a little easier to cast, but
                  | a little less powerful. [Xom's mischief]
  9960 | D:10     | XOM: stat loss: -3 Str (10/13)
  9979 | D:10     | XOM: summons 2 hostile demons
  9979 | D:10     | Was forgiven by Xom
 10202 | D:10     | Found a sacrificial altar of Ru.
 10603 | D:11     | Noticed a cyclops
 10630 | D:11     | Killed a cyclops
 10631 | D:11     | Reached XP level 12. HP: 91/91 MP: 12/12
 10684 | D:11     | Noticed a centaur warrior
 10700 | D:11     | Killed a centaur warrior
 10842 | D:11     | Reached skill level 5 in Evocations
 10999 | D:11     | Found a staircase to the Lair.
 11146 | D:11     | Found Lacoyd's Jewellery Emporium.
 11351 | D:1      | Bought the ring "Quyth" {rElec rPois Str+6 SInv} for 700
                  | gold pieces
 11579 | D:11     | Noticed a boulder beetle
 11598 | D:11     | Killed a boulder beetle
 11739 | Lair:1   | Entered Level 1 of the Lair of Beasts
 11974 | Lair:1   | Noticed a boulder beetle
 11983 | Lair:1   | Killed a boulder beetle
 11984 | Lair:1   | Reached skill level 10 in Fighting
 12626 | Lair:2   | Noticed a skyshark
 12634 | Lair:2   | Killed a skyshark
 12716 | Lair:2   | Gained mutation: You can hop long distances. [Barachi
                  | growth]
 12716 | Lair:2   | Reached XP level 13. HP: 108/108 MP: 13/13
 12745 | Lair:2   | You are sucked into a shaft and drop 1 floor!
 13618 | Lair:3   | Found a transporter.
 13620 | Lair:3   | Noticed Serulin's ghost (journeyman TrCA)
 13621 | Lair:3   | Found a transporter.
 13674 | Lair:3   | Reached skill level 15 in Fighting
 14078 | Lair:3   | Found a staircase to the Snake Pit.
 14508 | Lair:4   | Found a staircase to the Slime Pits.
 14518 | Lair:4   | Found a viscous altar of Jiyva.
 15055 | Lair:4   | Reached skill level 10 in Shields
 15077 | Lair:4   | Reached XP level 14. HP: 123/123 MP: 14/14
 15595 | Lair:2   | Found a staircase to the Shoals.
 16036 | Lair:5   | Entered Level 5 of the Lair of Beasts
 17548 | Lair:5   | Reached skill level 15 in Shields
 17562 | Lair:5   | Identified a scroll of acquirement
 17582 | Lair:5   | Acquired the +0 pair of gloves "Tucelel" {Dex+2}
 17657 | Lair:5   | Reached XP level 15. HP: 96/129 MP: 15/15
 17822 | Lair:5   | Found a corrupted altar of Lugonu.
 17822 | Lair:5   | Found a one-way gate to the infinite horrors of the Abyss.
 19059 | Orc:1    | Entered Level 1 of the Orcish Mines
 19192 | Orc:2    | Entered Level 2 of the Orcish Mines
 19210 | Orc:2    | Found Reaxza Athod's General Store.
 19268 | Orc:2    | Bought a scroll of fog for 60 gold pieces
 19268 | Orc:2    | Bought a potion of enlightenment for 75 gold pieces
 19275 | Orc:2    | Found Touroge's Jewellery Boutique.
 19354 | Orc:2    | Noticed an orc warlord
 19405 | Orc:1    | Killed an orc warlord
 19425 | Orc:2    | Found Axiroif's Antique Weapon Shop.
 19490 | Orc:2    | Gained mutation: Your magical capacity is low. (-10% MP) [a
                  | neqoxec]
 19888 | Orc:1    | Paralysed by an orc sorcerer for 5 turns
 20193 | Orc:2    | Found a staircase to the Elven Halls.
 20288 | Orc:2    | Found Mabui's Antique Armour Boutique.
 20297 | Orc:2    | Bought a pair of runed gloves for 210 gold pieces
 20297 | Orc:2    | Bought a pair of glowing boots for 210 gold pieces
 20297 | Orc:2    | Bought a citrine-encrusted plate armour for 784 gold pieces
 20297 | Orc:2    | Identified the +15 plate armour "Pohif" {Str+2} (You bought
                  | it in a shop on level 2 of the Orcish Mines)
 20952 | D:13     | Found a gate leading to a gauntlet.
 20968 | Gauntlet | Entered a Gauntlet
 20968 | Gauntlet | Found a transporter.
 20975 | Gauntlet | Found a transporter.
 20976 | Gauntlet | Found a transporter.
 20988 | Gauntlet | Found a transporter.
 20991 | Gauntlet | Found a transporter.
 20999 | Gauntlet | Found a transporter.
 21021 | Gauntlet | Found a transporter.
 21032 | Gauntlet | Found a transporter.
 21033 | Gauntlet | Found a runed translucent door.
 21036 | Gauntlet | Identified the +3 dagger "Xeluw" {venom, rElec}
 21036 | Gauntlet | Identified the +0 gold dragon scales of the Dungeon {rPois
                  | rF+ rC+ Regen+ Str+4 Dex+4}
 21042 | Gauntlet | Found a runed translucent door.
 21043 | Gauntlet | Found a transporter.
 21064 | Gauntlet | Found a transporter.
 21078 | Gauntlet | Found a transporter.
 21079 | Gauntlet | Found a transporter.
 21124 | Gauntlet | Found a transporter.
 21137 | Gauntlet | Found a transporter.
 21324 | Gauntlet | Reached skill level 5 in Dodging
 21335 | Gauntlet | Identified the +0 pair of boots of Objectivity {Rampage rF-
                  | rC- Int+7}
 21343 | Gauntlet | Identified the +7 rapier of Impatience {spect, rF++ rN+
                  | Str-5 Stlth+}
 21370 | Gauntlet | Got the Collected Works on the Body
 21592 | D:13     | Reached skill level 10 in Armour
 21817 | D:13     | Found a gate to the Vaults.
 22040 | D:13     | Reached XP level 16. HP: 138/138 MP: 14/14
 22386 | D:14     | Noticed Snorg
 22400 | D:14     | Killed Snorg
 22461 | D:14     | Found a glowing golden altar of the Shining One.
 23017 | D:15     | Entered Level 15 of the Dungeon
 23304 | D:15     | Found a staircase to the Depths.
 23780 | Orc:2    | Bought a condenser vane for 600 gold pieces
 23780 | Orc:2    | Bought a lightning rod (4/4) for 450 gold pieces
 23983 | Snake:1  | Entered Level 1 of the Snake Pit
 24012 | Snake:1  | Reached skill level 10 in Throwing
 24333 | Snake:1  | Noticed Josephine
 24537 | Snake:1  | Killed Josephine
 24614 | Snake:1  | Noticed Aizul
 24628 | Snake:1  | Killed Aizul
 25109 | Snake:2  | Reached XP level 17. HP: 84/144 MP: 15/15
 25256 | Snake:2  | Found a broken altar of Ashenzari.
 25256 | Snake:2  | Noticed Mlioglotl
 25270 | Snake:2  | Killed Mlioglotl
 25880 | Snake:2  | Got the Guidebook on Tephra
 25881 | Snake:2  | Identified the staff of death "Hokhotoi" {rElec rN+ MP+9
                  | Str-5}
 26976 | Snake:3  | Found Awnocal's Book Emporium.
 26977 | Snake:3  | Found Qeoss's Jewellery Boutique.
 26979 | Snake:3  | Found Xeimpahe's Book Emporium.
 27278 | Snake:4  | Entered Level 4 of the Snake Pit
 27877 | Snake:4  | Reached XP level 18. HP: 138/155 MP: 16/16
 28364 | Snake:4  | Noticed Donald
 28384 | Snake:4  | Killed Donald
 28975 | Snake:4  | Got a serpentine rune of Zot
 29142 | Snake:3  | Bought a ring of willpower for 300 gold pieces
 29310 | Shoals:1 | Entered Level 1 of the Shoals
 29703 | Shoals:1 | Found Arracw's Distillery.
 29711 | Shoals:1 | Found a runed translucent gate.
 29711 | Shoals:1 | Found a runed translucent gate.
 29711 | Shoals:1 | Found a runed translucent gate.
 29712 | Shoals:1 | Bought a potion of heal wounds for 80 gold pieces
 29712 | Shoals:1 | Bought a potion of haste for 160 gold pieces
 29849 | Shoals:1 | Noticed wolfgangpup's ghost (adept GnFi)
 30107 | Shoals:2 | Noticed Nikola
 30124 | Shoals:2 | Killed Nikola
 30308 | Shoals:2 | Noticed Ilsuiw
 30336 | Shoals:2 | Killed Ilsuiw
 30604 | Shoals:2 | Noticed Polyphemus
 30662 | Shoals:2 | Killed Polyphemus
 31047 | Shoals:3 | Reached XP level 19. HP: 163/163 MP: 17/17
 31102 | Shoals:3 | Found a runed translucent door.
 31222 | Shoals:3 | Found a corrupted altar of Lugonu.
 31431 | Shoals:3 | Reached skill level 15 in Throwing
 31766 | Shoals:3 | Identified the ring "Plog" {+Blink rElec rN++ Will- Int+6}
 31945 | Shoals:1 | Killed wolfgangpup's ghost
 32068 | Shoals:4 | Entered Level 4 of the Shoals
 32200 | Shoals:4 | Identified the staff of poison "Ippi" {*Corrode rPois rC++
                  | Str+4}
 32397 | Shoals:4 | Noticed Bai Suzhen
 32428 | Shoals:4 | Killed Bai Suzhen
 32593 | Shoals:4 | Reached skill level 10 in Evocations
 33011 | Shoals:4 | Found Wusigekk's One-of-a-Kind Rings.
 33020 | Shoals:4 | Bought the ring of Fixation {rPois Int+6 Slay+7} for 2923
                  | gold pieces
 33101 | Shoals:4 | Got a barnacled rune of Zot
 33336 | Shoals:4 | Bought the ring "Rerrueg" {+Blink rElec rN+ rCorr Stlth-}
                  | for 723 gold pieces
 33565 | Elf:1    | Entered Level 1 of the Elven Halls
 33667 | Elf:1    | Found a radiant altar of Vehumet.
 33758 | Elf:1    | You are sucked into a shaft and drop 1 floor!
 33784 | Elf:2    | Found a runed translucent gate.
 33896 | Elf:2    | Found a runed translucent gate.
 33896 | Elf:2    | Found a runed translucent gate.
 34226 | Elf:2    | Reached XP level 20. HP: 106/172 MP: 18/18
 34505 | Elf:2    | Paralysed by an air elemental for 1 turns
 34557 | Elf:2    | Identified the +5 dagger "Nepryodi" {spect, rC+ SInv}
 34768 | Elf:2    | Paralysed by an air elemental for 1 turns
 34907 | Elf:1    | Noticed Kirke
 34916 | Elf:1    | Killed Kirke
 34919 | Elf:1    | Paralysed by an air elemental for 1 turns
 34930 | Elf:1    | Paralysed by an air elemental for 1 turns
 34953 | Elf:1    | Reached skill level 16 in Long Blades
 34957 | Elf:1    | Noticed Azrael
 35058 | Elf:1    | Killed Azrael
 35175 | Elf:1    | Noticed Louise
 35199 | Elf:1    | Killed Louise
 35660 | Elf:1    | Paralysed by an air elemental for 1 turns
 35752 | Elf:1    | Reached skill level 17 in Long Blades
 36092 | Elf:3    | Entered Level 3 of the Elven Halls
 36294 | Elf:3    | Reached skill level 18 in Long Blades
 36639 | Elf:3    | Found Ivvirgh's General Store.
 36821 | Elf:3    | Identified the ring "Fah Furph" {Dex+5 Slay+4}
 37057 | Elf:3    | Reached skill level 19 in Long Blades
 37178 | Elf:3    | Reached XP level 21. HP: 183/183 MP: 18/18
 37263 | Elf:3    | Identified the +5 leather armour "Weplybit" {+Inv rC- Str+7
                  | Dex-4}
 37263 | Elf:3    | Identified the ring "Xuzegis" {rC+ rN+ rCorr}
 37280 | Elf:3    | Reached skill level 20 in Long Blades
 37534 | Elf:3    | Identified the +1 ring mail of Grand Miracles {rC+ Regen+
                  | Str+7 Dex-2}
 37558 | Elf:3    | Got Sif Muna's Elucidation of Iron Bones
 37564 | Elf:3    | Identified the staff of air "Pobid" {rElec Dex+4}
 37942 | Vaults:1 | Entered Level 1 of the Vaults
 38054 | Vaults:1 | Reached skill level 21 in Long Blades
 39306 | Vaults:2 | Found Dyirolum's Magic Scroll Shoppe.
 39316 | Vaults:2 | Bought a scroll of enchant weapon for 150 gold pieces
 39316 | Vaults:2 | Bought a scroll of enchant armour for 150 gold pieces
 39316 | Vaults:2 | Bought a scroll of fear for 80 gold pieces
 39316 | Vaults:2 | Bought 2 scrolls of fog for 160 gold pieces
 39595 | Vaults:2 | Identified the ring "Noihew" {AC+4 Str+3}
 40542 | Vaults:2 | Identified the ring of Gorybibua {Will+ Int+3}
 40619 | Vaults:3 | Reached XP level 22. HP: 192/192 MP: 19/19
 40646 | Vaults:3 | Found a crumbling gateway.
 40793 | Vaults:3 | Identified the +2 scale mail of Qeir {Rampage rPois Dex+3
                  | Stlth+}
 40904 | Vaults:3 | Found a staircase to the Crypt.
 40904 | Vaults:3 | Found an ancient bone altar of Kikubaaqudgha.
 40905 | Vaults:3 | Found a basalt altar of Yredelemnul.
 40912 | Vaults:3 | Found a flickering gateway to a bazaar.
 40921 | Bazaar   | Entered a bazaar
 40923 | Bazaar   | Found Meih Boe's Armour Boutique.
 40926 | Bazaar   | Found Docateis's Distillery.
 40927 | Bazaar   | Found Lotryran's Antique Armour Boutique.
 40927 | Bazaar   | Found Tevow's Antique Armour Boutique.
 40939 | Bazaar   | Bought a potion of might for 52 gold pieces
 40939 | Bazaar   | Bought a potion of might for 52 gold pieces
 40939 | Bazaar   | Bought a potion of cancellation for 104 gold pieces
 40939 | Bazaar   | Bought a potion of heal wounds for 65 gold pieces
 41000 | Desolati | Entered the Desolation of Salt
 41013 | Desolati | Reached skill level 15 in Armour
 41148 | Desolati | Identified the +8 flail of the Puffin {flame, *Noise *Slow
                  | rPois Str+4}
 41148 | Desolati | Identified the ring "Biefugug" {rCorr Slay+4}
 41436 | Desolati | Identified the amulet of Dyckue {Spirit rElec rN+++ Slay-4
                  | Stlth+}
 41441 | Desolati | Identified the +1 battleaxe of the Goat {freeze, rElec rF+
                  | Int-2}
 41630 | Desolati | Identified the staff of cold "Woimuitee" {Fly rF- rC+ rN++}
 41633 | Desolati | Got the Cyclopedia of Kindled Cold
 41653 | Desolati | Identified the +2 scale mail of Fuumet {rC- Int+2 Dex+2}
 41751 | Desolati | Identified the ring "Ilakh" {Fly rF+ Dex+3 Stlth-}
 41755 | Desolati | Identified the +2 morningstar "Giantbane" {venom, rElec
                  | Stlth+}
 41758 | Desolati | Got Oschith's Commentary on Battle Magic
 42511 | Vaults:3 | Identified the +0 leather armour of Proximity {rC+ Str+3}
 42871 | Vaults:3 | Paralysed by a sphinx for 5 turns
 43581 | Vaults:4 | Reached XP level 23. HP: 160/200 MP: 20/20
 44059 | Abyss:2  | Cast into level 2 of the Abyss (a wizard)
 44356 | Abyss:3  | Found a corrupted altar of Lugonu.
 44376 | Abyss:3  | Reached skill level 10 in Dodging
 44395 | Abyss:3  | Noticed an ancient lich
 44406 | Abyss:3  | Killed an ancient lich
 44469 | Abyss:3  | Found a corrupted altar of Lugonu.
 44528 | Abyss:3  | Got an abyssal rune of Zot
 44582 | Vaults:4 | Escaped the Abyss
 45212 | Depths:1 | Entered Level 1 of the Depths
 45315 | Depths:1 | Identified the +0 hand axe "Qacloqoi" {holy, rPois Str+7
                  | SInv}
 45356 | Depths:1 | Found a corrupted altar of Lugonu.
 45832 | Depths:1 | Found a gateway to Hell.
 45947 | Depths:1 | Noticed Asterion
 45954 | Depths:1 | Gained mutation: You are frail. (-10% HP) [a cacodemon]
 45959 | Depths:1 | Killed Asterion
 45987 | Depths:1 | Lost mutation: Your movements are slightly less encumbered
                  | by armour. (ER -2) [potion of mutation]
 45987 | Depths:1 | Lost mutation: You are frail. (-10% HP) [potion of
                  | mutation]
 45987 | Depths:1 | Gained mutation: Your flesh is cold resistant. (rC+)
                  | [potion of mutation]
 45987 | Depths:1 | Gained mutation: Your movements are slightly less
                  | encumbered by armour. (ER -2) [potion of mutation]
 46225 | Depths:1 | Reached skill level 15 in Dodging
 46364 | Depths:1 | Identified the +8 shortbow "Gytyun" {elec, Will+ Str-5
                  | Dex+4}
 46467 | Depths:1 | Reached XP level 24. HP: 208/208 MP: 20/20
 46668 | Depths:2 | You are sucked into a shaft and drop 2 floors!
 46668 | Depths:4 | Entered Level 4 of the Depths
 46802 | Depths:4 | Acquired 362 gold pieces
 46997 | Depths:4 | Found a one-way gateway to a ziggurat.
 47381 | Depths:4 | Found a gate to the Realm of Zot.
 47476 | Depths:4 | Reached skill level 15 in Evocations
 47695 | Depths:3 | Paralysed by something for 4 turns
 48209 | Depths:2 | Noticed Vv
 48230 | Depths:2 | Killed Vv
 48839 | Depths:2 | Found a one-way gate leading to the halls of Pandemonium.
 49236 | Depths:2 | Found an ornate altar of the Wu Jian Council.
 49441 | Depths:3 | Identified the +7 plate armour "Kaduguph" {*Corrode rElec
                  | Will- Int+8}
 49840 | Depths:3 | Got Easy Sorcery
 50324 | Zot:1    | Entered Level 1 of the Realm of Zot
 50580 | Zot:1    | Reached XP level 25. HP: 179/214 MP: 20/20
 51017 | Zot:1    | Found a shimmering blue altar of Sif Muna.
 51020 | Zot:1    | Found a transporter.
 51173 | Zot:1    | Identified the ring of the Equinox {rN+ AC+4}
 51340 | Zot:2    | Identified the +6 double sword of Ezip {antimagic, Int+5
                  | Stlth-}
 51567 | Zot:2    | Reached skill level 22 in Long Blades
 53134 | Zot:3    | Found a huge runed gate.
 53134 | Zot:3    | Found a huge runed gate.
 53136 | Zot:3    | Found a huge runed gate.
 53136 | Zot:3    | Found a huge runed gate.
 53137 | Zot:3    | Found a huge runed gate.
 53137 | Zot:3    | Found a huge runed gate.
 53138 | Zot:3    | Found a huge runed gate.
 53138 | Zot:3    | Found a huge runed gate.
 53140 | Zot:3    | Found a huge runed gate.
 53140 | Zot:3    | Found a huge runed gate.
 53140 | Zot:3    | Found a huge runed gate.
 53140 | Zot:3    | Found a huge runed gate.
 53141 | Zot:3    | Found a huge runed gate.
 53142 | Zot:3    | Found a huge runed gate.
 53143 | Zot:3    | Found a huge runed gate.
 53144 | Zot:3    | Found a huge runed gate.
 53155 | Zot:3    | Found a huge runed gate.
 53155 | Zot:3    | Found a huge runed gate.
 53155 | Zot:3    | Found a huge runed gate.
 53155 | Zot:3    | Found a huge runed gate.
 53156 | Zot:3    | Found a huge runed gate.
 53157 | Zot:3    | Found a huge runed gate.
 53158 | Zot:3    | Found a huge runed gate.
 53159 | Zot:3    | Found a huge runed gate.
 53160 | Zot:3    | Found a huge runed gate.
 53169 | Zot:3    | Found a huge runed gate.
 53169 | Zot:3    | Found a huge runed gate.
 53169 | Zot:3    | Found a huge runed gate.
 53169 | Zot:3    | Found a huge runed gate.
 53169 | Zot:3    | Found a huge runed gate.
 53169 | Zot:3    | Found a huge runed gate.
 53171 | Zot:3    | Found a huge runed gate.
 53172 | Zot:3    | Found a huge runed gate.
 53173 | Zot:3    | Found a huge runed gate.
 53182 | Zot:3    | Found a huge runed gate.
 53182 | Zot:3    | Found a huge runed gate.
 53198 | Zot:3    | Identified the +4 ring mail of Purpose {rN+ Int+3}
 53635 | Zot:4    | Noticed a Killer Klown
 53875 | Zot:4    | Reached skill level 23 in Long Blades
 54374 | Zot:5    | Entered Level 5 of the Realm of Zot
 54827 | Zot:5    | Noticed an orb of fire
 54828 | Zot:5    | Noticed an ancient lich
 54834 | Zot:5    | Noticed a dread lich
 54839 | Zot:5    | Noticed a Killer Klown
 54839 | Zot:5    | Noticed an orb of fire
 54860 | Zot:5    | Killed an ancient lich
 54877 | Zot:5    | Killed an ancient lich
 54880 | Zot:5    | Killed an orb of fire
 54883 | Zot:5    | Killed a Killer Klown
 54893 | Zot:5    | Killed an orb of fire
 54973 | Zot:5    | Killed a dread lich
 55004 | Zot:5    | Killed a dread lich
 55138 | Zot:5    | Noticed a Killer Klown
 55152 | Zot:5    | Noticed an orb of fire
 55155 | Zot:5    | Gained mutation: Your body sometimes deteriorates upon
                  | taking damage. [an orb of fire]
 55170 | Zot:5    | Killed a Killer Klown
 55173 | Zot:5    | Killed an orb of fire
 55174 | Zot:5    | Noticed an ancient lich
 55189 | Zot:5    | Killed an ancient lich
 55221 | Zot:5    | Got the Orb of Zot
 55393 | Zot:1    | Noticed an ancient lich
 55621 | D:15     | Noticed a seraph
 55712 | D:9      | Noticed Wotzustreari the pandemonium lord
 55714 | D:9      | Reached XP level 26. HP: 228/228 MP: 20/20
 55784 | D:4      | Reached skill level 24 in Long Blades
 55896 | D:$      | Escaped with the Orb!

Illustrated notes

Levels and vault maps discovered:
D:1:      tekkud_arrival_beachfront_property, layout_rooms, serial_shops, shop,
          st_stairs_4
D:2:      layout_loops_cross
D:3:      layout_loops_ring, ebering_ghost_sewer_f
D:4:      layout_basic, nicolae_vehumet_radiance, nicolae_ashenzari_skybound,
          temple_statues
D:5:      layout_basic, jmf_multi_god_temple2,
          chequers_temple_overflow_statue_of_worship, uniq_menkaure,
          uniq_prince_ribbit1
D:6:      layout_loops_ring, mainiacjoe_overflow_alcove_2, minmay_shop_damaged,
          uniq_maggie, uniq_pikel
D:7:      layout_basic
D:8:      layout_loops_cross, kennysheep_generic_room_3
D:9:      layout_loops_ring, trog_ov_bears_minmay, orc_david_3, enter_bailey_3
D:10:     layout_loops_ring, nicolae_ru_the_path_less_chosen, uniq_lodul
D:11:     layout_stronghold, lair_entry_dummy, serial_shops,
          nicolae_shop_behind_doors
D:12:     layout_roguey, serial_rivers, chequers_serial_rivers_room_a,
          chequers_serial_rivers_large_a, chequers_serial_rivers_room_b,
          chequers_serial_rivers_small_3, chequers_serial_rivers_micro_d,
          minmay_misc_feat_tower
D:13:     minmay_evil_eye, layout_cave_pools, lightli_vaults_fourway_checkpoint,
          special_room [special_room_orc], gauntlet_entry_generic
D:14:     layout_irregular_city, nicolae_tso_carved_into_rock, glass_columns_a,
          uniq_snorg
D:15:     gammafunk_enter_depths_forms, layout_rooms
Temple:   dshaligram_water_room_temple
Lair:1:   layout_cave_pods, serial_bayou_ford_a, serial_bayou_pond_e,
          nzn_sisyphean_effort
Lair:2:   layout_roguey, minmay_shoals_entry_beasts, lemuel_fruit_tree,
          serial_bayou_shore_b
Lair:3:   layout_long_grid, nicolae_snake_entry_squirm, special_room
          [special_room_bee], gammafunk_ghost_hive, grunt_megastairs_5
Lair:4:   lemuel_reptile_caves, layout_cave_pods,
          minmay_slime_entry_jelly_boxes, chequers_serial_rivers_micro_e,
          lemuel_fruit_fields
Lair:5:   hellmonk_lair_end_abyssal_woods, layout_loops_ring, st_stairs_6,
          grunt_forest_large_clearings
Shoals:1: layout_shoals, gammafunk_ghost_necromancy, serial_shops, shop_statue
Shoals:2: layout_shoals, uniq_nikola, uniq_polyphemus, uniq_ilsuiw
Shoals:3: layout_shoals, nicolae_shoals_abyss_on_the_beach
Shoals:4: shoals_end_grunt_ice, layout_shoals, nicolae_shop_unique_rings,
          uniq_bai_suzhen
Snake:1:  cheibrodos_snake_ritualist_ritual, layout_onion, uniq_josephine,
          uniq_aizul
Snake:2:  kennysheep_snake, layout_misc_corridors, basic_altar,
          serial_bayou_shore_a, uniq_mlioglotl
Snake:3:  layout_grid_maze, minmay_shop_grove
Snake:4:  johnstein_snake_rune_scales, layout_basic,
          nicolae_snake_salamander_fort, uniq_donald
Orc:1:    layout_caves, guppyfry_library_mini
Orc:2:    grunt_orc_gardens, layout_diamond_mine, grunt_orc_garden,
          grunt_orc_garden, grunt_orc_garden, grunt_orc_garden,
          portal_ice_cave_demonic_guard
Elf:1:    eino_elf_arrival_altar, layout_loops_corners,
          hangedman_corner_corridor, uniq_louise, uniq_kirke, uniq_azrael
Elf:2:    nicolae_elf_blades_crystal_corner, layout_geoelf_diagonals
Elf:3:    minmay_elf_hall_four_x, layout_loops_ring, serial_shops,
          nicolae_shop_just_a_little_nook
Vaults:1: nicolae_vaults_hexular_roomagon, nicolae_vaults_border_crossing,
          nicolae_vaults_network_quinsquares
          [nicolae_vaults_network_quincunx_subvault,
          nicolae_vaults_network_quincunx_subvault,
          nicolae_vaults_network_quincunx_subvault,
          nicolae_vaults_network_quincunx_subvault],
          nicolae_vaults_trapezoid_lopsided_1, dpeg_vaults_monster_box,
          layout_vaults_omnigrid
Vaults:2: nicolae_vaults_little_squares_3, nicolae_vaults_tetromino_T_1,
          hangedman_vaults_river_flow, nicolae_vaults_more_shelving_2,
          st_squares, v_pattern_3, nicolae_vaults_prndl, nicolae_vaults_heist,
          ontoclasm_vaults_twist, ontoclasm_vaults_pinch,
          nicolae_vaults_six-pack, ontoclasm_vaults_decontamination,
          nicolae_vaults_apartment_2, layout_vaults_chaotic_city, serial_shops,
          shop
Vaults:3: portal_desolation_entry_salt, nicolae_vaults_big_angled_halls,
          nicolae_vaults_off_center_swirl, nicolae_vaults_triangles,
          nicolae_vaults_closet_pinwheel_2, minmay_crypt_entry_necro_gods,
          v_pattern_4, ontoclasm_vaults_hangar, v_misc_11,
          nicolae_vaults_mini_display_case, nicolae_vaults_asterisk,
          nicolae_vaults_trapezoid_1, nicolae_vaults_trapezoid_layered,
          layout_vaults_big_cross, serial_shops, bzr_entry_customers
Vaults:4: nicolae_vaults_turnstiles, nicolae_vaults_asterisk,
          hangedman_vaults_restitches, hangedman_vaults_slither,
          vaults_standard_mumra_lines, nicolae_vaults_wine_cellar,
          vaults_mumra_hexcomb, nicolae_vaults_tetromino_L_2,
          nicolae_vaults_fighting_squares, nicolae_vaults_specimen_jars,
          layout_vaults_omnibox
Depths:1: layout_cave_shapes, abyss_entry_flame_altar,
          grunt_hell_entry_demonic_statue, nicolae_water_bricks,
          hangedman_stitches_earthworm, infiniplex_staircase_pool_lava,
          uniq_asterion
Depths:2: minmay_polygon_palace, layout_honeycomb, nicolae_eternal_life,
          rand_demon_pan_entry_4, hangedman_coc_ice_floe,
          nzn_wu_jian_council_hall, uniq_vv
Depths:3: kennysheep_scales, layout_basic, marbit_kobold_abyss_entry,
          grunt_hell_entry_dis_mu, nrook_mini_vaults, kennysheep_generic_room_12
Depths:4: grunt_zot_entry_bicorn, layout_gridville, enter_ziggurat_e,
          nicolae_titane, hell_entry
Zot:1:    gammafunk_sealed_library, layout_concentric_octagons,
          skrybe_zot_glass_2
Zot:2:    kennysheep_blocky_room, layout_cathedral_of_symmetry,
          st_small_dragon_hoard_3, nicolae_rock_paper_scissors
Zot:3:    layout_concentric_octagons, door_vault, grunt_megastairs_3
Zot:4:    layout_basic, bh_zot_levy_curve, grunt_megastairs_4, lemuel_elevator
Zot:5:    layout_basic, lemuel_baited_zot_trap, nicolae_lava_and_water

Skill      XL: |  1  2  3  4  5  6  7  8  9 10 11 12 13 14 15 16 17 18 19 20 21 22 23 24 25 26 |
---------------+-------------------------------------------------------------------------------+-----
Fighting       | 4 7 12 15 16 17 18 20 21 23 | 23.1
Stealth        | 1 2 3 |  3.0
Short Blades   | 1 |  1.6
Maces & Flails | 2 4 |  4.1
Shields        | 4 7 8 10 15 16 18 19 20 21 | 21.0
Long Blades    | 7 11 15 19 21 23 24 | 24.0
Throwing       | 6 12 14 16 | 16.0
Armour         | 7 8 9 10 11 14 19 20 21 | 21.0
Evocations     | 6 9 12 18 | 18.0
Dodging        | 3 5 7 15 | 15.0

Action                     |  1- 3 |  4- 6 |  7- 9 | 10-12 | 13-15 | 16-18 | 19-21 | 22-24 | 25-27 || total
---------------------------+-------+-------+-------+-------+-------+-------+-------+-------+-------++-------
  Melee: Falchion          |    44 |       |       |       |       |       |       |       |       ||    44
         Dire flail        |    12 |       |       |       |       |       |       |       |       ||    12
         Quarterstaff      |    72 |     9 |       |       |       |       |       |       |       ||    81
         Whip              |       |    89 |    24 |       |       |       |       |       |       ||   113
         Dagger            |       |    55 |    64 |       |       |       |       |       |       ||   119
         Kick              |       |    19 |    56 |    73 |       |       |       |       |       ||   148
         Double sword      |       |       |    89 |   555 |  1313 |   255 |  1418 |  1806 |   226 ||  5662
         Demon blade       |       |       |       |       |   187 |  1423 |       |       |       ||  1610
         Rapier            |       |       |       |       |       |    16 |       |       |       ||    16
  Throw: Dart              |       |     2 |    17 |    10 |     6 |     1 |       |       |       ||    36
         Boomerang         |       |       |     1 |       |    22 |    98 |   153 |    40 |       ||   314
         Throwing net      |       |       |       |       |     2 |       |       |       |       ||     2
         Javelin           |       |       |       |       |       |     2 |    54 |    12 |     7 ||    75
 Invoke: Potion Petition   |       |       |       |     1 |       |     3 |       |     2 |       ||     6
         Bribe Branch      |       |       |       |       |       |       |       |     1 |     4 ||     5
Ability: Hop               |       |     1 |       |     1 |     6 |     3 |     3 |     2 |       ||    16
         Evoke Blink       |       |       |       |       |       |       |       |       |     4 ||     4
  Evoke: Piece from Xom's  |       |       |     1 |       |       |       |       |       |       ||     1
         Wand              |       |       |       |     3 |    21 |     7 |     2 |     2 |       ||    35
         Lightning rod     |       |       |       |       |       |     4 |       |       |       ||     4
         Condenser vane    |       |       |       |       |       |     2 |     3 |     2 |       ||     7
         Phial of floods   |       |       |       |       |       |     1 |       |       |       ||     1
    Use: Potion            |       |       |     8 |     4 |       |       |     1 |     5 |    11 ||    29
         Scroll            |       |       |    11 |     9 |    10 |     6 |     8 |     5 |     5 ||    54
   Stab: Paralysed         |     1 |       |       |       |       |       |     2 |       |       ||     3
         Sleeping          |     2 |     5 |     2 |     1 |       |       |       |       |       ||    10
         Distracted        |       |       |     1 |     6 |    16 |     7 |     7 |    17 |    11 ||    65
         Invisible         |       |       |       |     3 |       |     8 |       |     7 |     1 ||    19
         Held in net/web   |       |       |       |       |     5 |       |       |       |       ||     5
 Armour: Leather armour    |    66 |    25 |       |       |       |       |       |       |       ||    91
         Chain mail        |     1 |       |       |   178 |   526 |       |       |       |       ||   705
         Ring mail         |       |    47 |    51 |    31 |       |       |       |       |       ||   129
         Plate armour      |       |       |       |       |    75 |   597 |   543 |   587 |    96 ||  1898
  Dodge: Dodged            |    91 |    83 |    38 |   118 |   358 |   339 |   273 |   499 |    93 ||  1892
  Block: Other             |       |     8 |     4 |       |       |       |       |       |       ||    12
         Kite shield       |       |       |    93 |   361 |   545 |       |       |       |       ||   999
         Tower shield      |       |       |       |       |   737 |  1681 |  1486 |  1956 |   212 ||  6072

Table legend: (Time is in decaauts)
 A = Elapsed time spent in this place.
 B = Non-inter-level travel time spent in this place.
 C = Inter-level travel time spent in this place.
 D = Time resting spent in this place.
 E = Time spent auto-exploring this place.
 F = Levels seen in this place.
 G = Mean time per level.
                   A        B        C        D        E       F      G
               +--------+--------+--------+--------+--------+-----+--------+
         Total |  63229 |  57180 |   6049 |   2143 |  38594 |  53 | 1193.0 |
       Dungeon |  18375 |  15572 |   2803 |   1248 |  10515 |  15 | 1225.0 |
        Temple |     31 |     17 |     14 |      0 |      6 |   1 |   31.0 |
          Lair |   7713 |   6938 |    775 |    244 |   4827 |   5 | 1542.6 |
        Shoals |   4475 |   4219 |    256 |     40 |   2727 |   4 | 1118.8 |
     Snake Pit |   5599 |   5338 |    261 |    170 |   3302 |   4 | 1399.8 |
  Orcish Mines |   2068 |   1758 |    310 |    114 |    996 |   2 | 1034.0 |
   Elven Halls |   4685 |   4430 |    255 |     68 |   2873 |   3 | 1561.7 |
        Vaults |   6247 |   5704 |    543 |     53 |   4133 |   4 | 1561.8 |
        Depths |   5833 |   5371 |    462 |     84 |   3993 |   4 | 1458.2 |
           Zot |   5846 |   5479 |    367 |    100 |   4070 |   5 | 1169.2 |
         Abyss |    509 |    509 |      0 |      0 |    219 |   2 |  254.5 |
        Bazaar |     39 |     39 |      0 |      0 |      0 |   1 |   39.0 |
        Bailey |    312 |    312 |      0 |     16 |     40 |   1 |  312.0 |
    Desolation |    988 |    988 |      0 |      0 |    636 |   1 |  988.0 |
      Gauntlet |    504 |    504 |      0 |      5 |    251 |   1 |  504.0 |
               +--------+--------+--------+--------+--------+-----+--------+

Top non-repeatable levels by time:
  Lair:5: 2156 daAuts
  Lair:3: 1976 daAuts
Vaults:3: 1922 daAuts
Depths:2: 1817 daAuts
     D:6: 1802 daAuts
 Snake:4: 1764 daAuts
   Elf:3: 1710 daAuts
Depths:1: 1620 daAuts
Vaults:2: 1591 daAuts
     D:5: 1562 daAuts
   Elf:2: 1554 daAuts
   Zot:2: 1504 daAuts
    D:11: 1495 daAuts
     D:9: 1464 daAuts
 Snake:2: 1462 daAuts
